 Dungeon Crawl Stone Soup version 0.24.0-125-gc4c63601f3 (webtiles) character file.

Game seed: 2984799534244434150, levelgen mode: deterministic

632 lepoulpe303 the Covert (level 7, -13/32 HPs)
             Began as a Spriggan Enchanter on Mar 5, 2020.
             Splashed by a centaur's acid (16 damage)
             ... on level 6 of the Dungeon.
             The game lasted 00:22:42 (5065 turns).

lepoulpe303 the Covert (Spriggan Enchanter)         Turns: 5065, Time: 00:22:43

Health: -13/32     AC: -2    Str:  4    XL:     7   Next: 24%
Magic:  4/14       EV: 18    Int: 19    God:
Gold:   275        SH:  0    Dex: 16    Spells: 5/14 levels left

rFire    . . .     SeeInvis +   a - +0 dagger (distort) {!w}
rCold    . . .     Gourm    .   (shield restricted)
rNeg     . . .     Faith    .   n - +0 robe
rPois    .         Spirit   .   (helmet restricted)
rElec    .         Reflect  .   (no cloak)
rCorr    .         Harm     .   (gloves unavailable)
MR       +....                  (boots unavailable)
Stlth    ++++......             (no amulet)
HPRegen  0.10/turn              (no ring)
MPRegen  0.14/turn              (no ring)

@: corroded, very quick
A: very small, unfitting armour, see invisible, herbivore, speed 3, slow
metabolism 2
a: no special abilities


You were on level 6 of the Dungeon.
You were hungry.

You visited 1 branch of the dungeon, and saw 6 of its levels.

You collected 275 gold pieces.

Inventory:

Hand Weapons
 a - a +0 dagger of distortion (weapon) {!w}
 b - a +0 dagger of holy wrath
 m - a +1 dagger
Armour
 n - a +0 robe (worn)
 s - a scarf of spirit shield
Jewellery
 u - an uncursed ring of fire {unknown}
 G - an uncursed amulet of guardian spirit {Spirit}
Wands
 j - a wand of enslavement (3)
Scrolls
 g - a scroll of magic mapping {unknown}
 i - 2 scrolls of identify
 k - a scroll of fear {unknown}
 l - a scroll of amnesia {unknown}
 t - a scroll of teleportation
 w - 2 scrolls of remove curse
Potions
 c - a potion of might {unknown}
 d - a potion of invisibility {unknown}
 f - a potion of mutation {unknown}
 h - 2 potions of lignification {!q}
 p - 2 potions of agility {unknown}
 q - a potion of resistance {unknown}
 r - 2 potions of haste {unknown}
Comestibles
 e - 6 rations


   Skills:
 - Level 5.1 Short Blades
 - Level 3.0 Dodging
 - Level 8.0 Stealth
 - Level 4.1 Spellcasting
 + Level 5.9 Hexes


You had 5 spell levels left.
You knew the following spells:

 Your Spells              Type           Power        Failure   Level  Hunger
a - Ensorcelled Hibernat  Hex/Ice        ###...       6%          2    ##.....
b - Dazzling Spray        Conj/Hex       ###...       12%         3    ###....
c - Confuse               Hex            ####....     3%          3    ###....
v - Corona                Hex            ####...      1%          1    None

Your spell library contained the following spells:

 Spells                   Type           Power        Failure   Level  Hunger
 Tukima's Dance           Hex            ####....     3%          3    ###....


Dungeon Overview and Level Annotations

Branches:
Dungeon (7/15)
 Temple: D:4-7

Altars:
Sif Muna


Innate Abilities, Weirdness & Mutations

You are very small and have problems with some larger weapons.
You are too small for most types of armour.
You have supernaturally acute eyesight. (SInv)
You are a herbivore.
You cover ground extremely quickly.
You need to consume almost no food.


Message History

The worker ant twitches its antennae in your direction.
The centaur unwields a +0 shortbow.
The centaur hits you.
* * * LOW HITPOINT WARNING * * *
You take 1 damage, and have 7/32 hp.
Aim: a centaur, carrying a wand of acid (5) (almost dead, chance to defeat MR: 46%)
The centaur resists with some effort.
The centaur completely misses you.
You now have 7/14 mp.
Okay, then.
Okay, then.
Aim: a centaur, carrying a wand of acid (5) (almost dead, chance to defeat MR: 55%)
The centaur resists with significant effort.
* * * LOW MAGIC WARNING * * *
The centaur misses you.
The worker ant bites you but does no damage.
The centaur zaps a wand.
The bolt of acid hits you.
* * * LOW HITPOINT WARNING * * *
The acid corrodes you!
You are splashed with acid!
Ouch! That really hurt!
You die...

c.. s...
#....#<.@
#....#..#
....#..##
#.#..c?.#
?..#...#
#..#...#
#.a#...#^#
#.@#...#.#
##.c.).#.#
#.(#..#.#
#.#####.#..#.#
#..........#.#
########..##.#
#.>†..#
#######


You could see a centaur and a worker ant.

Levels and vault maps discovered:
D:1:      sevenhm_arrival_forest_fort_large_4, layout_basic
D:2:      layout_loops_ring, lexackson_kobold_supper
D:3:      layout_loops_ring, lemuel_doored_altar
D:4:      layout_rooms, minmay_vboxes, uniq_blork_the_orc
D:6:      layout_basic, minmay_temple_entry_butterflies, uniq_edmund
D:7:      layout_loops_corners, makhleb_blood_cavern_becter, marbit_many_paths,
          nicolae_overflow_hidden_temple, uniq_harold

Notes
Turn   | Place    | Note
-------+----------+-------------------------------------------
     0 | D:1      | lepoulpe303 the Spriggan Enchanter began the quest for the
                  | Orb.
     0 | D:1      | Reached XP level 1. HP: 9/9 MP: 5/5
   292 | D:1      | Reached XP level 2. HP: 12/13 MP: 4/6
   299 | D:1      | Learned a level 2 spell: Ensorcelled Hibernation
   317 | D:1      | Identified a +0 club
   334 | D:1      | Reached skill level 5 in Stealth
   527 | D:1      | Identified a +0 dagger
   718 | D:1      | Identified a +0 club
   940 | D:2      | Reached skill level 2 in Short Blades
  1430 | D:2      | Identified a +0 whip
  1430 | D:2      | Identified a +0 dagger
  1431 | D:2      | Identified a +0 dagger
  1436 | D:2      | Identified 2 scrolls of remove curse
  1437 | D:2      | Identified an amulet of guardian spirit (You found it on
                  | level 1 of the Dungeon)
  1448 | D:2      | Reached XP level 3. HP: 15/16 MP: 0/8
  1485 | D:2      | Learned a level 3 spell: Confuse
  1796 | D:2      | Identified a +0 short sword
  1960 | D:2      | Identified a +0 dagger
  2101 | D:2      | Identified a +0 hunting sling
  2231 | D:2      | Identified a +0 dagger
  2435 | D:3      | Reached skill level 3 in Short Blades
  2435 | D:3      | Reached skill level 6 in Stealth
  2492 | D:3      | Reached XP level 4. HP: 21/21 MP: 9/9
  2503 | D:3      | Identified a +0 dagger of holy wrath (You found it on level
                  | 3 of the Dungeon)
  2504 | D:3      | Identified a +1 dagger
  2528 | D:3      | Found a shimmering blue altar of Sif Muna.
  2598 | D:3      | Identified a cursed -2 club
  2812 | D:3      | Identified a +0 club
  3297 | D:4      | Identified a +0 war axe
  3311 | D:4      | HP: 2/21 [hound (4)]
  3324 | D:3      | Reached skill level 7 in Stealth
  3324 | D:3      | Reached XP level 5. HP: 3/24 MP: 6/10
  3329 | D:3      | Learned a level 3 spell: Dazzling Spray
  3597 | D:4      | Identified a +0 flail
  3597 | D:4      | Identified a +0 ring mail
  3636 | D:4      | Identified a +0 hand axe
  3637 | D:4      | Identified a +0 hand axe
  3637 | D:4      | Identified a +0 robe
  3654 | D:4      | Reached skill level 4 in Short Blades
  4003 | D:4      | Identified 3 scrolls of identify
  4003 | D:4      | Identified 2 potions of lignification
  4012 | D:4      | Identified a +0 hand axe
  4015 | D:4      | Identified a +0 dagger of distortion
  4015 | D:4      | Identified a +0 robe
  4015 | D:4      | Identified a +0 dagger
  4015 | D:4      | Identified a +0 robe
  4027 | D:4      | Identified a scarf of spirit shield (You found it on level
                  | 4 of the Dungeon)
  4366 | D:4      | Identified a +0 dagger
  4372 | D:4      | Noticed a phantom
  4375 | D:4      | Identified a +0 hand axe
  4382 | D:4      | Reached skill level 8 in Stealth
  4557 | D:4      | Killed a phantom
  4557 | D:4      | Reached skill level 5 in Short Blades
  4557 | D:4      | Reached skill level 3 in Spellcasting
  4557 | D:4      | Reached XP level 6. HP: 10/28 MP: 11/11
  4702 | D:4      | Identified a +0 dagger
  4702 | D:4      | Identified a +0 hunting sling
  4702 | D:4      | Identified a +0 ring mail
  4713 | D:4      | Reached skill level 4 in Hexes
  4766 | D:4      | Identified a +0 war axe
  4766 | D:4      | Identified a +0 ring mail
  4867 | D:4      | Identified 2 scrolls of teleportation
  4873 | D:4      | Identified 2 scrolls of random uselessness
  4889 | D:4      | Identified a +0 flail
  4889 | D:4      | Identified a +0 ring mail
  4942 | D:4      | You fall into a shaft and drop 3 floors!
  4943 | D:7      | Identified a +1 whip of flaming
  4943 | D:7      | Identified a +0 spear
  4944 | D:7      | Identified a +0 whip
  4944 | D:7      | Identified a cursed +0 leather armour
  4945 | D:7      | Identified a +0 club
  4945 | D:7      | Identified a +0 flail
  4979 | D:6      | Identified a +3 flail of draining
  4979 | D:6      | Identified a +0 scale mail
  4979 | D:6      | Noticed Edmund
  4997 | D:6      | Reached skill level 4 in Spellcasting
  4997 | D:6      | Identified a +0 shortbow
  5032 | D:6      | Killed Edmund
  5032 | D:6      | Reached skill level 5 in Hexes
  5032 | D:6      | Reached XP level 7. HP: 32/32 MP: 5/14
  5058 | D:6      | HP: 8/32 [centaur/arrow (16)]
  5063 | D:6      | HP: 7/32 [centaur (1)]
  5065 | D:6      | HP: 3/32 [centaur/bolt of acid (5)]
  5065 | D:6      | Splashed by a centaur's acid

Table legend:
 A = Turns spent in this place as a percentage of turns spent in the entire game.
 B = Non-inter-level travel turns spent in this place as a percentage of non-inter-level travel turns spent in the entire game.
 C = Inter-level travel turns spent in this place as a percentage of turns spent in this place.
 D = Turns resting spent in this place as a percentage of non-inter-level travel turns spent in this place.
 E = Turns spent auto-exploring this place as a percentage of non-inter-level travel turns spent in this place.
 F = Non-inter-level travel turns spent in this place divided by the number of levels of this place that you've seen.
                   A       B       C       D       E      F
               +-------+-------+-------+-------+-------+----------------------
         Total | 100.0 | 100.0 |   1.9 |  42.9 |  33.7 | 828.5
       Dungeon | 100.0 | 100.0 |   1.9 |  42.9 |  33.7 | 828.5
               +-------+-------+-------+-------+-------+----------------------

Table legend:
 A = Kills in this place as a percentage of kills in entire the game.
 B = Kills by you in this place as a percentage of kills by you in the entire game.
 C = Kills by friends in this place as a percentage of kills by friends in the entire game.
 D = Other kills in this place as a percentage of other kills in the entire game.
 E = Experience gained in this place as a percentage of experience gained in the entire game.
 F = Experience gained in this place divided by the number of levels of this place that you have seen.
                   A       B       C       D       E      F
               +-------+-------+-------+-------+-------+----------------------
         Total | 100.0 | 100.0 |   N/A | 100.0 | 100.0 | 150.5
       Dungeon | 100.0 | 100.0 |   N/A | 100.0 | 100.0 | 150.5
               +-------+-------+-------+-------+-------+----------------------

Skill      XL: |  1  2  3  4  5  6 |
---------------+-------------------+-----
Stealth        | 5 6 7 8 |  8.0
Short Blades   | 2 3 5 |  5.1
Spellcasting   | 3 4 |  4.1
Hexes          | 5 |  5.9
Dodging        | |  3.0

Action                   |  1- 3 |  4- 6 |  7- 9 || total
-------------------------+-------+-------+-------++-------
Melee: Dagger            |   207 |   191 |     7 ||   405
 Cast: Corona            |     2 |       |       ||     2
       Confuse           |     2 |    14 |     1 ||    17
       Ensorcelled Hiber |       |     7 |     1 ||     8
  Use: Scroll            |     1 |     5 |       ||     6
 Stab: Sleeping          |    12 |    12 |       ||    24
       Confused          |     1 |     4 |       ||     5
  Eat: Ration            |       |     2 |       ||     2
Armor: Robe              |    20 |     5 |     1 ||    26
Dodge: Dodged            |   141 |   105 |     6 ||   252

Vanquished Creatures
  Edmund (D:6)
  A phantom (D:4)
  A water moccasin skeleton (D:4)
  2 crimson imps
  A hound (D:3)
  An orc priest (D:4)
  3 orc wizards (D:4)
  A worker ant (D:4)
  An adder (D:3)
  An ooze (D:3)
  An adder skeleton (D:4)
  A dart slug (D:1)
  5 leopard geckos
  10 orcs
  6 giant cockroaches
  5 hobgoblins
  7 jackals
  A quokka (D:3)
  A ball python (D:3)
  7 bats
  5 frilled lizards
  4 goblins
  10 kobolds
  4 rats
80 creatures vanquished.

Vanquished Creatures (others)
  A bullfrog (D:6)
  A plant (D:2)
2 creatures vanquished.

Grand Total: 82 creatures vanquished
